 Dungeon Crawl Stone Soup version 0.29-a0-617-g7a6b98fccd (webtiles) character file.

Game seed: 13485200126264166428

891 HoaS the Basher (level 8, -2/36 (56) HPs)
             Began as a Formicid Gladiator on June 16, 2022.
             Slain by Duvessa
             ... wielding a +2 short sword of draining
              (10 damage)
             ... on level 6 of the Dungeon on June 17, 2022.
             The game lasted 00:11:59 (5840 turns).

HoaS the Basher (Formicid Gladiator)                Turns: 5840, Time: 00:12:00

HP:   -2/36 (56)    AC: 11    Str: 20    XL:     8   Next: 27%
MP:   8/8           EV: 12    Int:  7    God:
Gold: 294           SH:  0    Dex: 17    Spells: 7/7 levels left

rFire   . . .      SeeInvis +   a - +1 flail
rCold   . . .      Faith    .   (no shield)
rNeg    . . .      Spirit   .   j - +1 ring mail
rPois   .          Reflect  .   (helmet unavailable)
rElec   .          Harm     .   m - +0 cloak
rCorr   .          Rampage  .   (no gloves)
Will    +....                   (no boots)
Stlth   +.........              (no amulet)
HPRegen 0.12/turn               q - +4 ring of protection
MPRegen 0.11/turn               t - ring of willpower

@: very heavily drained
A: permanent stasis, dig shafts and tunnels, antennae 3, four strong arms
a: Dig, Shaft Self


You were on level 6 of the Dungeon.
You visited 2 branches of the dungeon, and saw 7 of its levels.

You collected 294 gold pieces.

Inventory:

Hand Weapons
 a - a +1 flail (weapon)
Missiles
 c - 2 throwing nets (quivered)
Armour
 j - a +1 ring mail (worn)
 m - a +0 cloak (worn)
Jewellery
 q - a +4 ring of protection (left hand)
 t - a ring of willpower (right hand)
Wands
 p - a wand of iceblast (7)
 u - a wand of paralysis (11)
Scrolls
 o - a scroll of enchant armour
 r - a scroll of fear
Potions
 b - a potion of might {unknown}
 e - a potion of brilliance {unknown}
 g - 2 potions of cancellation
 h - a potion of berserk rage {unknown}
 k - 5 potions of curing
 l - 2 potions of attraction {unknown}
 n - a potion of flight {unknown}
 s - 2 potions of magic {unknown}


   Skills:
 - Level 2.1 Fighting
 + Level 9.4 Maces & Flails
 - Level 2.0 Throwing
 - Level 2.6 Dodging


You had 7 spell levels left.
You didn't know any spells.
Your spell library contained the following spells:

 Spells                   Type           Power      Damage    Failure   Level
 Foxfire                  Conj/Fire      0%         2x1d4     63%         1
 Summon Small Mammal      Summ           0%         N/A       63%         1
 Poisonous Vapours        Pois/Air       0%         N/A       77%         2
 Call Canine Familiar     Summ           0%         N/A       94%         3
 Conjure Flame            Conj/Fire      0%         6-21      94%         3
 Inner Flame              Hex/Fire       0%         N/A       94%         3
 Summon Guardian Golem    Hex/Summ       0%         N/A       94%         3
 Corpse Rot               Necr/Pois/Air  0%         N/A       100%        4
 Flame Wave               Conj/Fire      0%         2d4       100%        4


Dungeon Overview and Level Annotations

Branches:
Dungeon (6/15)             Temple (1/1) D:5

Altars:
Ashenzari
Cheibriados
Dithmenos
Elyvilon
Fedhas
Hepliaklqana
Kikubaaqudgha
Nemelex Xobeh
Qazlal
Ru
Sif Muna
Trog
Uskayaw
Vehumet
Wu Jian
Xom
Yredelemnul
The Shining One

Annotations:
D:5 1 runed translucent door, MagicSucks's ghost, novice NaHu
D:6 Duvessa


Innate Abilities, Weirdness & Mutations

You cannot be hasted, slowed, berserked, paralysed or teleported.
You can dig through walls and to a lower floor.
You have a pair of large antennae on your head. (SInv)
Your four strong arms can wield two-handed weapons with a shield.


Message History

Duvessa is severely wounded.
Duvessa hits you with a +2 short sword of draining.
You feel drained.
You hit Duvessa.
Duvessa is severely wounded.
Duvessa hits you but does no damage.
You feel drained. Duvessa hits you but does no damage.
You feel drained.
You hit Duvessa but do no damage.
Duvessa is severely wounded.
Duvessa hits you with a +2 short sword of draining.
You feel drained.
You barely miss Duvessa.
Duvessa is severely wounded.
Duvessa hits you with a +2 short sword of draining.
You feel drained.
Duvessa hits you with a +2 short sword of draining!
You feel drained.
You sock Duvessa!
Duvessa is almost dead.
Duvessa hits you with a +2 short sword of draining!
* * * LOW HITPOINT WARNING * * *
You feel drained.
* * * LOW HITPOINT WARNING * * *
You hit Duvessa but do no damage.
Duvessa is almost dead.
Duvessa hits you but does no damage.
You feel drained.
Duvessa hits you with a +2 short sword of draining!
* * * LOW HITPOINT WARNING * * *
You feel drained.
You feel much better.
Duvessa hits you with a +2 short sword of draining!
* * * LOW HITPOINT WARNING * * *
You feel drained.
* * * LOW HITPOINT WARNING * * *
You feel much better.
Duvessa hits you with a +2 short sword of draining!
You feel drained.
* * * LOW HITPOINT WARNING * * *
Duvessa hits you with a +2 short sword of draining!
You die...

...# #... ..# #.##
... #.##
#######.#######
#.#.
.e....(........
#... #(# #######
#(# #...... #e#
#.##### #@# #.#
########.# #.#
.........# #.#
########.##
#######.#
#..###.....#.#####
##................
#..P._.P..#.#####
#.........#..#
#########.##.##


You could see Duvessa (berserk).

Vanquished Creatures
  A centaur (D:4)
  A bullfrog (D:5)
  A necrophage (D:5)
  2 scorpions
  Dowan (D:6)
  A howler monkey (D:5)
  3 orc priests
  2 hounds
  A gnoll shaman (D:5)
  2 orc wizards
  An adder (D:2)
  16 gnolls
  A white imp (D:4)
  An ufetubus (D:6)
  2 worms
  A dart slug (D:3)
  9 orcs
  11 ball pythons
  7 bats (D:1)
  8 endoplasms
  A giant cockroach (D:1)
  5 goblins
  7 hobgoblins
  6 jackals
  4 quokkas
  2 frilled lizards
  3 kobolds
  A rat (D:1)
101 creatures vanquished.

Vanquished Creatures (others)
  5 fungi (D:3)
  10 plants (D:3)
15 creatures vanquished.

Grand Total: 116 creatures vanquished

Notes
Turn   | Place    | Note
-------+----------+-------------------------------------------
     0 | D:1      | HoaS the Formicid Gladiator began the quest for the Orb.
     0 | D:1      | Reached XP level 1. HP: 16/16 MP: 1/1
   119 | D:1      | Reached XP level 2. HP: 22/22 MP: 2/2
   339 | D:1      | Reached skill level 4 in Maces & Flails
   339 | D:1      | Reached XP level 3. HP: 27/27 MP: 3/3
  1250 | D:2      | Found a bloodstained altar of Trog.
  1652 | D:3      | Reached XP level 4. HP: 26/33 MP: 4/4
  1818 | D:3      | Found a sacrificial altar of Ru.
  1864 | D:3      | Reached skill level 5 in Maces & Flails
  2208 | D:3      | Reached XP level 5. HP: 23/35 MP: 5/5
  2649 | D:3      | Found a stormy altar of Qazlal.
  2659 | D:3      | Found a blossoming altar of Fedhas.
  2823 | D:3      | Reached skill level 6 in Maces & Flails
  2859 | D:3      | Found a faded altar of an unknown god.
  2903 | D:3      | Reached XP level 6. HP: 40/40 MP: 6/6
  2972 | D:3      | You fall into a shaft and drop 3 floors!
  2988 | D:5      | Entered Level 5 of the Dungeon
  2996 | D:5      | Found a runed translucent door.
  2998 | D:5      | Noticed MagicSucks's ghost (novice NaHu)
  3000 | D:5      | Noticed a steam dragon
  3175 | D:4      | Reached skill level 7 in Maces & Flails
  3558 | D:3      | Found an ornate altar of the Wu Jian Council.
  3673 | D:4      | Reached XP level 7. HP: 32/50 MP: 7/7
  4118 | D:4      | Reached skill level 8 in Maces & Flails
  4222 | D:4      | Found a snail-covered altar of Cheibriados.
  4848 | D:5      | Found a shimmering altar of Xom.
  4913 | D:5      | Reached XP level 8. HP: 55/56 MP: 8/8
  4948 | D:5      | Found a staircase to the Ecumenical Temple.
  5051 | D:5      | Reached skill level 9 in Maces & Flails
  5095 | Temple   | Entered the Ecumenical Temple
  5288 | D:5      | Upgraded the game from 0.29-a0-613-gf2c431b9b9 to
                  | 0.29-a0-617-g7a6b98fccd
  5310 | D:5      | Found a broken altar of Ashenzari.
  5318 | D:5      | Found a glowing golden altar of the Shining One.
  5697 | D:6      | Found an ancient bone altar of Kikubaaqudgha.
  5814 | D:6      | Noticed Duvessa
  5814 | D:6      | Noticed Dowan
  5826 | D:6      | Killed Dowan
  5838 | D:6      | HP: 1/42 [Duvessa/+2 short sword of draining (8)]
  5840 | D:6      | Slain by Duvessa

Illustrated notes

Levels and vault maps discovered:
D:1:      psy_arrival_conway, layout_basic
D:2:      layout_rooms, basic_altar
D:3:      layout_basic, lemuel_tele_altar, lemuel_crystal_altar,
          grunt_temple_overflow_forces_of_nature,
          shapermc_ecumenical_altar_hornbeckon, hex_intersection
D:4:      layout_rooms, slow_altar_2
D:5:      nicolae_cairo_tiling_very_big, layout_basic, kennysheep_little_box,
          minitemple, minmay_temple_entry_mist, ebering_ghost_inner_flame
D:6:      minmay_chambers_of_sixes, layout_basic,
          pdpol_temple_overflow_zin_treasury_gozag_greed,
          mainiacjoe_overflow_tiny_flanked, uniq_eustachio, uniq_grinder,
          uniq_duvessa
Temple:   jpeg_temple_island

Skill      XL: |  1  2  3  4  5  6  7  8 |
---------------+-------------------------+-----
Maces & Flails | 4 5 6 7 8 9 |  9.4
Fighting       | |  2.1
Throwing       | |  2.0
Dodging        | |  2.6

Action                   |  1- 3 |  4- 6 |  7- 9 || total
-------------------------+-------+-------+-------++-------
Melee: Flail             |    71 |    89 |   148 ||   308
       Punch             |       |     1 |       ||     1
Throw: Throwing net      |       |     1 |     1 ||     2
       Dart              |       |       |     2 ||     2
       Javelin           |       |       |     1 ||     1
 Abil: Dig               |       |     5 |     2 ||     7
  Use: Scroll            |     3 |     4 |     2 ||     9
       Potion            |     1 |       |     2 ||     3
 Stab: Sleeping          |     1 |       |       ||     1
       Held in net/web   |       |       |     1 ||     1
Armor: Leather armour    |    17 |       |       ||    17
       Ring mail         |    25 |    27 |    52 ||   104
Dodge: Dodged            |    54 |    53 |    86 ||   193

Table legend: (Time is in decaauts)
 A = Elapsed time spent in this place.
 B = Non-inter-level travel time spent in this place.
 C = Inter-level travel time spent in this place.
 D = Time resting spent in this place.
 E = Time spent auto-exploring this place.
 F = Levels seen in this place.
 G = Mean time per level.
                   A        B        C        D        E       F      G
               +--------+--------+--------+--------+--------+-----+--------+
         Total |   5909 |   5684 |    225 |   1919 |   2905 |   7 |  844.1 |
       Dungeon |   5681 |   5484 |    197 |   1919 |   2708 |   6 |  946.8 |
        Temple |    228 |    201 |     27 |      0 |    197 |   1 |  228.0 |
               +--------+--------+--------+--------+--------+-----+--------+

Top non-repeatable levels by time:
     D:3: 1651 daAuts
     D:5: 1285 daAuts
     D:4: 870 daAuts
     D:2: 854 daAuts
     D:1: 828 daAuts
  Temple: 228 daAuts
     D:6: 191 daAuts
